 Dungeon Crawl Stone Soup version 0.22.1-1-ga44c0e5 (webtiles) character file.

63 ultracola the Sneak (level 3, -3/17 HPs)
             Began as a Felid Abyssal Knight on Sept 25, 2018.
             Was a Believer of Lugonu.
             Killed from afar by Sigmund (7 damage)
             ... with a magic dart
             ... on level 2 of the Dungeon.
             The game lasted 00:09:43 (4557 turns).

ultracola the Sneak (Felid Abyssal Knight)          Turns: 4557, Time: 00:09:44

Health: -3/17      AC:  4    Str:  8    XL:     3   Next: 89%
Magic:  3/5        EV: 18    Int: 14    God:    Lugonu [**....]
Gold:   102        SH:  0    Dex: 15    Spells: 1/2 levels left
                                        Lives:  0   Deaths: 0

rFire    . . .     SeeInvis +     - Unarmed
rCold    . . .     Gourm    .   (shield unavailable)
rNeg     . . .     Faith    .   (armour unavailable)
rPois    .         Spirit   .   (helmet unavailable)
rElec    .         Reflect  .   (cloak unavailable)
rCorr    .         Harm     .   (gloves unavailable)
MR       .....                  (boots unavailable)
Stlth    +++.......             (no amulet)
HPRegen  0.05/turn              n - +3 ring of protection
MPRegen  0.09/turn              (no ring)

@: appendage (expiring), very slightly contaminated, quick
A: very small, no armour, no weapons or thrown items, stealth, claws 1, fangs 3,
horns 2, see invisible, carnivore, speed 1, shaggy fur 1, slow metabolism 1,
sharp paws
a: End Transformation, Depart the Abyss, Bend Space, Renounce Religion


You were on level 2 of the Dungeon.
You worshipped Lugonu.
Lugonu was pleased with you.
You were very full.
You had grown temporary horns.
You visited 1 branch of the dungeon, and saw 3 of its levels.
You visited the Abyss 1 time.

You collected 102 gold pieces.

Inventory:

Jewellery
 n - a +3 ring of protection (left paw)
 p - an uncursed ring of magical power {unknown}
Scrolls
 b - a scroll of enchant armour {unknown}
 d - 3 scrolls of remove curse
 f - a scroll of fog {unknown}
 h - a scroll of teleportation {unknown}
 m - 2 scrolls of immolation
Potions
 c - 2 potions of resistance
 e - a potion of ambrosia
 g - a potion of heal wounds {unknown}
 i - a potion of curing
 j - 2 potions of brilliance {unknown}
 k - a potion of flight {unknown}
 l - a potion of might {unknown}
 o - a potion of haste {unknown}
Comestibles
 a - 5 rations


   Skills:
 - Level 3.0 Fighting
 - Level 3.2 Dodging
 + Level 3.6 Stealth
 + Level 3.3 Unarmed Combat
 + Level 0.0 Transmutations
 - Level 1.7 Invocations


You had one spell level left.
You knew the following spells:

 Your Spells              Type           Power        Failure   Level  Hunger
a - Beastly Appendage     Tmut           #.....       28%         1    ##.....

Your spell library contained the following spells:

 Spells                   Type           Power        Failure   Level  Hunger
 Corona                   Hex            #......      28%         1    ##.....
 Slow                     Hex            #.......     41%         2    ###....
 Sticks to Snakes         Tmut           #.......     41%         2    ###....
 Inner Flame              Hex/Fire       #.......     65%         3    ####...
 Spider Form              Tmut/Pois      #.........   65%         3    ####...
 Cause Fear               Hex            #.........   96%         4    #####..
 Ice Form                 Ice/Tmut       #.......     96%         4    #####..
 Leda's Liquefaction      Hex/Erth       #.........   96%         4    #####..
 Blade Hands              Tmut           #.........   100%        5    ######.
 Portal Projectile        Hex/Tloc       Unusable     N/A         3    N/A

Dungeon Overview and Level Annotations

Branches:
Dungeon (3/15)

Altars:

Annotations:
D:2 exclusion: 4 doors, Sigmund
D:3 Ijyb


Innate Abilities, Weirdness & Mutations

You cannot wear armour.
You are incapable of wielding weapons or throwing items.
Your paws allow you to move quietly. (Stealth)
You have sharp claws.
You have razor-sharp teeth.
You have supernaturally acute eyesight. (SInv)
You are carnivorous and can eat meat at any time.
You cover ground quickly.
You are covered in fur. (AC +1)
You have a slow metabolism.
Your sharp claws are effective at attacking unaware monsters.
You have a pair of horns on your head.


Message History

Casting: Beastly Appendage (safe; 28% risk of failure)
Confirm with . or Enter, or press ? or * to list all spells.
You grow a pair of large bovine horns.
Really walk into a travel-excluded area?
Sigmund casts a spell at you. The puff of flame hits you!
You barely miss Sigmund. Your headbutt misses Sigmund.
Sigmund hits you with a scythe!
Ouch! That really hurt!
* * * LOW HITPOINT WARNING * * *
You scratch Sigmund.
Sigmund is lightly wounded.
Sigmund completely misses you.
You scratch Sigmund.
Sigmund is lightly wounded.
You scratch Sigmund.
Sigmund is moderately wounded.
Sigmund points at you and mumbles some strange words.
The magic dart hits you!
You die...

#####....#.#(#P..P.P#
#######.##รท....)# ###
#### #..# ..?
#######.## #.@......#
#@# #..# #### #.#
#..#### #...
#####.#####..##.###.##
###
#...................#
..#
#.###........##.###.##
#.# #.# #####.....###
#... #.# #.# ##...##
#####. #.# #####.#####
##.## #..... ..#
#.......(.# #.# #.###.


You could see Sigmund.

Vanquished Creatures
  3 oozes (D:2)
  A worm (D:3)
  An orc (D:3)
  3 giant cockroaches
  2 hobgoblins (D:1)
  3 jackals (D:3)
  7 bats
  3 frilled lizards
  17 kobolds
  10 rats
50 creatures vanquished.

Vanquished Creatures (others)
  6 toadstools (D:2)
6 creatures vanquished.

Grand Total: 56 creatures vanquished

Notes
Turn   | Place    | Note
-------+----------+-------------------------------------------
     0 | Abyss:1  | ultracola the Felid Abyssal Knight began the quest for the
                  | Orb.
     0 | Abyss:1  | Reached XP level 1. HP: 10/10 MP: 3/3
    51 | Abyss:1  | Noticed a raiju
   118 | Abyss:2  | Noticed a sixfirhy
   135 | Abyss:2  | Noticed a thrashing horror
   140 | D:1      | Escaped the Abyss
  1040 | D:2      | Reached skill level 1 in Stealth
  1227 | D:2      | Noticed an orc wizard
  1326 | D:1      | Reached XP level 2. HP: 12/14 MP: 4/4
  1341 | D:1      | Reached * piety under Lugonu
  1770 | D:2      | Noticed Sigmund
  3043 | D:3      | Reached XP level 3. HP: 12/17 MP: 5/5
  3789 | D:3      | Learned a level 1 spell: Beastly Appendage
  4187 | D:3      | Noticed Ijyb
  4430 | D:2      | Reached ** piety under Lugonu
  4557 | D:2      | Killed from afar by Sigmund

Skill      XL: |  1  2  3 |
---------------+----------+-----
Stealth        | 1 2 3 |  3.6
Unarmed Combat | 3 |  3.3
Fighting       | |  3.0
Dodging        | |  3.2
Invocations    | |  1.7

Action                   || total
-------------------------++-------
Melee: Unarmed           ||   155
       Bite              ||    17
       Headbutt          ||     6
 Cast: Beastly Appendage ||    10
Invok: Depart the Abyss  ||     1
  Use: Scroll            ||     5
 Stab: Sleeping          ||    10
  Eat: Chunk             ||    13
Armor: Skin              ||    22
Dodge: Dodged            ||   139
